 Dungeon Crawl Stone Soup version 0.17-a0-2220-g6fea741 (webtiles) character file.

83 radek the Conjurer (level 4, 0/24 HPs)
             Began as a Deep Elf Conjurer on Oct 28, 2015.
             Slain by Grinder (6 damage)
             ... on level 3 of the Dungeon.
             The game lasted 00:06:40 (2096 turns).

radek the Conjurer (Deep Elf Conjurer)              Turns: 2096, Time: 00:06:40

Health: 0/24       AC:  5    Str:  6    XL:     4   Next: 22%
Magic:  5/10       EV:  7    Int: 20    God:
Gold:   75         SH:  0    Dex: 15    Spells: 1 memorised, 8 levels left

rFire  + . .     SeeInvis .     (no weapon)
rCold  . . .     Clarity  .     p - +2 leather armour {rF+}
rNeg   . . .     SustAt   .     (no shield)
rPois  .         Gourm    +     (no helmet)
rElec  .         Spirit   .     (no cloak)
rCorr  .         Warding  .     (no gloves)
rMut   .         Rnd*Tele +     (no boots)
MR     .....                    n - amulet of the gourmand
Stlth  ++........               (no ring)
                                k - ring of teleportation

@: lethally poisoned (0 -> -6), not resistant to hostile enchantments,
unstealthy
A: no striking features
a: Evoke Teleportation


You were on level 3 of the Dungeon.
You were not hungry.

You visited 1 branch of the dungeon, and saw 3 of its levels.

You collected 75 gold pieces.

Inventory:

Armour
 a - a +0 robe
 p - a +2 leather armour of fire resistance (worn)
Jewellery
 k - a ring of teleportation (left hand)
 n - an amulet of the gourmand (around neck)
Scrolls
 e - a scroll of identify
 f - 2 scrolls of teleportation
 m - a scroll of remove curse
Potions
 d - 2 potions of degeneration
 l - a potion of haste {unknown}
Books
 b - a book of Conjurations

   Spells                             Type                      Level
   a - Magic Dart                     Conjuration                  1
   b - Searing Ray                    Conjuration                  2
   c - Dazzling Spray                 Conjuration/Hexes            3
   d - Fulminant Prism                Conjuration/Hexes            4
   e - Iskenderun's Mystic Blast      Conjuration                  4
   f - Iskenderun's Battlesphere      Conjuration/Charms           5
Comestibles
 c - a bread ration
 g - a meat ration
 i - a slice of pizza


   Skills:
 - Level 2.4 Dodging
 - Level 2.4 Stealth
 - Level 3.0 Spellcasting
 + Level 6.3 Conjurations


You had 8 spell levels left.
You knew the following spells:

 Your Spells              Type           Power        Failure   Level  Hunger
a - Magic Dart            Conj           ####         1%          1    None


Dungeon Overview and Level Annotations

Branches:
Dungeon (3/15)

Altars:
Elyvilon

Annotations:
D:3 Grinder


Message History

Casting: Magic Dart
Confirm with . or Enter, or press ? or * to list all spells.
Aiming: Magic Dart
Press: ? - help, Shift-Dir - straight line, f/p - Grinder
Aim: Grinder (moderately wounded)
The magic dart hits Grinder.
Grinder is moderately wounded.
You feel sick. Grinder hits you!
You feel sick.
The kobold shoots a poisoned needle.
The poisoned needle closely misses you.
Things that are here:
a short sword; 3 stones You feel sick.
Grinder grins, showing sharp teeth.
There is a stone staircase leading down here.
You can't go up here!
Grinder hits you.
* * * LOW HITPOINT WARNING * * *
You writhe in agony.
You die...

#.# #......################
#######.#........#
........#.#####..#
.#####..#.# #..# .# #..#.#
#..## .# ####.# #...# .#
#.# ###..# .# #.# #....#
.########.# #..@.+
..........####...5#########
#########...(......g...!..#
#.................#
#.(.......(.K.....#
#....รท.......l.....
#..................
#..................
#..........$$......


You could see Grinder, a giant gecko, a hobgoblin and a kobold.

Vanquished Creatures
  3 adders
  An ooze (D:2)
  3 worms
  A giant gecko (D:1)
  6 bats
  2 giant cockroaches (D:2)
  5 hobgoblins
  2 jackals (D:2)
  2 quokkas (D:2)
  A ball python (D:2)
  5 giant newts
  5 goblins
  3 kobolds
  7 rats
46 creatures vanquished.

Notes
Turn   | Place    | Note
--------------------------------------------------------------
     0 | D:1      | radek the Deep Elf Conjurer began the quest for the Orb.
     0 | D:1      | Reached XP level 1. HP: 10/10 MP: 6/6
   387 | D:1      | Reached XP level 2. HP: 15/15 MP: 6/8
   492 | D:1      | Reached skill level 5 in Conjurations
   996 | D:2      | Reached XP level 3. HP: 17/19 MP: 3/9
  1425 | D:2      | Found a white marble altar of Elyvilon.
  1470 | D:2      | Reached skill level 6 in Conjurations
  1814 | D:3      | Reached XP level 4. HP: 24/24 MP: 7/10
  2086 | D:3      | Noticed Grinder
  2096 | D:3      | Slain by Grinder

Vault maps used:
D:1:      arrival_zaba_pyramid
D:2:      elyvilon_altar_3
D:3:      yredelemnul_forgotten_temple_becter, first_bread, uniq_grinder

Action                   |  1- 3 |  4- 6 || total
-------------------------+-------+-------++-------
 Cast: Magic Dart        |    75 |    24 ||    99
  Use: Scroll            |     5 |       ||     5
  Eat: Chunk             |     7 |     5 ||    12
